 Dungeon Crawl Stone Soup version 0.31.0-12-g77e489cdc1 (webtiles) character file.

Game seed: 10779989901884221132

5863 James the Thaumaturge (level 10, -5/78 HPs)
             Began as a Yellow Draconian Alchemist on Mar 2, 2024.
             Was an Initiate of Gozag.
             Slain by a frost giant
             ... wielding a +1 battleaxe of freezing
              (31 damage)
             ... on level 9 of the Dungeon.
             The game lasted 00:37:28 (11981 turns).

James the Thaumaturge (Yellow Draconian Alchemist) Turns: 11981, Time: 00:37:29

Health: -5/78      AC: 15    Str: 11    XL:     10   Next: 52%
Magic:  4/24       EV: 12    Int: 19    God:    Gozag
Gold:   1001       SH:  0    Dex: 12    Spells: 15/29 levels left

rFire   + . .        a - +0 dagger (freeze)
rCold   . . .        A - orb {light}
rNeg    . . .        (body armour unavailable)
rPois   .            (helmet restricted)
rElec   .            D - +2 cloak {rCorr}
rCorr   +            I - +0 pair of gloves
SInv    .            (no boots)
Will    .....        e - amulet of regeneration
Stlth   +            l - +4 ring of protection
HPRegen 1.13/turn    i - ring of protection from fire
MPRegen 0.19/turn

%: no passive effects
@: glowing
A: spit acid, AC +7, unfitting armour, cold-blooded, acid resistance
a: Breathe Acid, Renounce Religion, Potion Petition, Call Merchant, Bribe Branch


You were on level 9 of the Dungeon.
You worshipped Gozag.
Gozag was most pleased with you.
You visited 2 branches of the dungeon, and saw 12 of its levels.

You collected 1115 gold pieces.
You paid 114 gold pieces to Gozag.

Inventory:

Hand Weapons
 a - a +0 dagger of freezing (weapon)
   (You took it off a goblin on level 3 of the Dungeon)
 b - a +0 flail
   (You found it on level 3 of the Dungeon)
 d - a +0 spear
   (You took it off a gnoll on level 6 of the Dungeon)
 q - a +0 sling
   (You found it on level 2 of the Dungeon)
 w - a +0 dagger
   (You took it off a goblin on level 1 of the Dungeon)
 C - a +0 scimitar
   (You found it on level 6 of the Dungeon)
 E - a +3 halberd
   (You took it off a wight on level 6 of the Dungeon)
 F - a +0 vampiric dagger {!w}
   (You took it off an orc wizard on level 6 of the Dungeon)
 L - a +3 quarterstaff of chaos
   (You took it off Crazy Yiuf on level 2 of the Dungeon)
Missiles
 h - 67 stones
 k - 28 poisoned darts
 K - a curare-tipped dart {!f}
Armour
 A - an orb of light (worn)
   (You found it on level 6 of the Dungeon)
 D - a +2 cloak of preservation (worn)
   (You took it off Crazy Yiuf on level 2 of the Dungeon)
 I - a +0 pair of gloves (worn)
   (You found it on level 8 of the Dungeon)
 J - a scarf of repulsion
   (You found it on level 8 of the Dungeon)
Jewellery
 e - an amulet of regeneration (around neck)
   (You found it on level 3 of the Dungeon)
 i - a ring of protection from fire (right hand)
   (You found it on level 3 of the Dungeon)
 l - a +4 ring of protection (left hand)
   (You found it on level 2 of the Dungeon)
 v - a ring of ice
   (You found it on level 5 of the Dungeon)
Wands
 s - a wand of roots (14)
   (You found it on level 4 of the Dungeon)
 t - a wand of flame (5)
   (You found it on level 8 of the Dungeon)
 y - a wand of polymorph (9)
   (You took it off Natasha on level 3 of the Dungeon)
 M - a wand of charming (2)
   (You found it on level 10 of the Dungeon)
Scrolls
 m - 2 scrolls of fear
 o - 6 scrolls of teleportation {@r4}
 z - 3 scrolls of immolation {unknown}
 H - a scroll of vulnerability {!r}
Potions
 c - 4 potions of enlightenment
 f - a potion of haste {@q3}
 g - a potion of ambrosia
 j - a potion of cancellation
 n - 5 potions of curing {@q1}
 p - a potion of resistance
 r - a potion of heal wounds {@q2}
 u - 2 potions of magic
 x - 3 potions of might
 B - a potion of berserk rage {unknown}
 G - a potion of invisibility


   Skills:
 - Level 4.0 Fighting
 - Level 2.0 Dodging
 - Level 2.0 Stealth
 - Level 10.0 Spellcasting
 - Level 4.0 Conjurations
 - Level 5.0 Fire Magic
 - Level 4.0 Air Magic
 + Level 8.6 Alchemy


You had 15 spell levels left.
You knew the following spells:

 Your Spells              Type           Power      Damage    Failure   Level
a - Sting                 Conj/Alch      100%       1d9       1%          1
b - Mercury Vapours       Alch/Air       66%        N/A       1%          2
f - Mephitic Cloud        Conj/Alch/Air  30%        N/A       2%          3
q - Sticky Flame          Fire/Alch      35%        2d7       4%          4
y - Olgreb's Toxic Radia  Alch           42%        N/A       2%          4

Your spell library contained the following spells:

 Spells                   Type           Power      Damage    Failure   Level
 Lesser Beckoning         Tloc           18%        N/A       11%         2
 Gell's Gravitas          Tloc           9%         N/A       22%         3
 Teleport Other           Tloc           9%         N/A       22%         3
 Freezing Cloud           Conj/Ice/Air   9%         6-21      56%         5


Dungeon Overview and Level Annotations

Branches:
Dungeon (11/15)            Temple (1/1) D:7            Lair (0/5) D:9
    Orc: D:9-12

Altars:
Ashenzari
Cheibriados
Dithmenos
Fedhas
Gozag
Hepliaklqana
Kikubaaqudgha
Makhleb
Nemelex Xobeh
Okawaru
Qazlal
Sif Muna
Trog
Uskayaw
Vehumet
Wu Jian
Xom
Yredelemnul
Zin
The Shining One
Lugonu

Shops:
D:4 :   D:8 :


Innate Abilities, Weirdness & Mutations

You can spit globs of acid.
Your golden yellow scales are hard. (AC +7)
You cannot fit into any form of body armour.
You are cold-blooded and may be slowed by cold attacks.
You are resistant to acid. (rCorr)


Message History

Press: ? - help, Dir - move target, p - frost giant Fumes of mercury billow through the air!
The frost giant looks even sicker.
Your toxic aura wanes.
The frost giant burns!
An electric eel comes into view.
The frost giant hits you with a +1 battleaxe of freezing!!
* * * LOW HITPOINT WARNING * * *
You feel yourself slow down. The frost giant freezes you!
* * * LOW HITPOINT WARNING * * *
Unknown command.
The frost giant burns! x2
The frost giant shakes off the sticky flame as it moves.
The frost giant barely misses you.
Unknown command.
You feel much better.
You feel yourself speed up. The frost giant casts a spell at you.
The bolt of cold misses you.
Unknown command.
Press: ? - help, Shift-Dir - straight line, f - frost giant
Aim: a frost giant, wielding a +1 battleaxe of freezing (heavily wounded, very poisoned, haloed)
The sticky flame hits the frost giant but does no damage.
The frost giant burns!
The frost giant barely misses you.
Press: ? - help, Shift-Dir - straight line, f/p - frost giant
Aim: a frost giant, wielding a +1 battleaxe of freezing (heavily wounded, covered in liquid flames, very poisoned, haloed)
The sticky flame hits the frost giant.
The frost giant burns!
The frost giant hits you with a +1 battleaxe of freezing.
* * * LOW HITPOINT WARNING * * *
You feel yourself slow down. The frost giant freezes you.
* * * LOW HITPOINT WARNING * * *
Unknown command.
Press: ? - help, Shift-Dir - straight line, f/p - frost giant
Aim: a frost giant, wielding a +1 battleaxe of freezing (severely wounded, covered in liquid flames, poisoned, haloed)
The sticky flame hits the frost giant.
The frost giant burns! x2
The frost giant gestures at you while chanting.
The bolt of cold hits you!
* * * LOW HITPOINT WARNING * * *
The frost giant completely misses you.
Unknown command.
Unknown command.
You hit the frost giant but do no damage.
You tail-slap the frost giant, but do no damage.
You feel yourself speed up.
The frost giant burns!
The frost giant hits you with a +1 battleaxe of freezing!!
You die...
Your body crumbles into a pile of gold.

≈≈≈ ###≈≈
#≈≈≈≈
≈≈≈≈##
≈≈≈≈# #~S≈#
##...##
#..C..#≈≈#
#..@..~≈≈#
###..##≈≈≈≈
#### ≈≈


You could see a frost giant (burning, poisoned) and an electric eel.

Vanquished Creatures
  A komodo dragon (D:9)
  Grinder (D:3)
  A basilisk (D:9)
  10 yaks
  Menkaure (D:7)
  A water moccasin (D:6)
  3 ice beasts
  A sky beast (D:7)
  3 black bears
  An orc warrior (D:7)
  2 ogres (D:6)
  A centaur (D:7)
  2 phantoms
  3 kobold brigands (D:8)
  5 bullfrogs
  4 scorpions
  9 wights
  7 killer bees
  3 howler monkeys
  An electric eel (D:9)
  2 hounds
  2 bombardier beetles (D:4)
  A gnoll bouda (D:6)
  2 orc priests
  2 sleepcaps (D:6)
  Crazy Yiuf (D:2)
  4 iguanas
  2 orc wizards
  Natasha (thrice) (D:3)
  Robin (D:4)
  9 gnolls (D:6)
  9 adders
  2 white imps (D:6)
  3 dart slugs
  A ribbon worm (D:4)
  17 orcs
  11 endoplasms
  2 giant cockroaches
  15 goblins
  11 hobgoblins
  4 jackals
  3 quokkas (D:4)
  2 ball pythons
  2 bats
  2 frilled lizards (D:1)
  18 kobolds
  3 rats
194 creatures vanquished.

Notes
Turn   | Place    | Note
-------+----------+-------------------------------------------
     0 | D:1      | James the Draconian Alchemist began the quest for the Orb.
     0 | D:1      | Reached XP level 1. HP: 14/14 MP: 3/3
    87 | D:1      | Reached skill level 1 in Fighting
   231 | D:1      | Reached XP level 2. HP: 23/23 MP: 1/5
   349 | D:1      | Learned a level 2 spell: Mercury Vapours
   917 | D:2      | Found a hazy altar of Hepliaklqana.
  1012 | D:2      | Reached XP level 3. HP: 28/28 MP: 2/6
  1373 | D:2      | Found a runed translucent door.
  1374 | D:2      | Noticed Crazy Yiuf
  1456 | D:2      | Found a faded altar of an unknown god.
  1854 | D:3      | Reached skill level 3 in Spellcasting
  1854 | D:3      | Reached skill level 1 in Air Magic
  2028 | D:3      | Reached XP level 4. HP: 35/35 MP: 3/8
  2073 | D:3      | Learned a level 3 spell: Mephitic Cloud
  2124 | D:3      | Noticed a phantom
  2160 | D:3      | Killed a phantom
  2161 | D:3      | Reached XP level 5. HP: 29/41 MP: 2/9
  2230 | D:3      | Noticed Grinder
  2491 | D:3      | Noticed Natasha
  2499 | D:3      | Killed Natasha
  2900 | D:3      | Found a glowing golden altar of the Shining One.
  2936 | D:3      | Noticed Natasha
  2941 | D:3      | Killed Natasha
  3285 | D:3      | Noticed Natasha
  3323 | D:3      | Killed Natasha
  3324 | D:3      | Reached XP level 6. HP: 48/48 MP: 8/10
  3382 | D:3      | Found a glowing golden altar of the Shining One.
  3576 | D:3      | Reached skill level 5 in Alchemy
  3653 | D:4      | Found a broken altar of Ashenzari.
  4094 | D:4      | Your scales start taking on a golden yellow colour.
  4094 | D:4      | Reached XP level 7. HP: 57/57 MP: 3/12
  4094 | D:4      | Gained mutation: You are resistant to acid. (rCorr) [Yellow
                  | Draconian growth]
  4276 | D:4      | Reached skill level 4 in Spellcasting
  4440 | D:4      | Noticed Robin
  4536 | D:4      | Killed Robin
  4749 | D:4      | Found a snail-covered altar of Cheibriados.
  4754 | D:4      | Found Begokekh's Tremendous Tomes.
  5306 | D:5      | Entered Level 5 of the Dungeon
  5588 | D:5      | Found a hide-covered altar of Uskayaw.
  5661 | D:5      | Found a bloodstained altar of Trog.
  6247 | D:5      | Reached XP level 8. HP: 63/63 MP: 10/14
  6279 | D:5      | Learned a level 4 spell: Sticky Flame
  6284 | D:5      | Learned a level 4 spell: Olgreb's Toxic Radiance
  6675 | D:6      | Found an opulent altar of Gozag.
  6676 | D:6      | Found an opulent altar of Gozag.
  6680 | D:6      | Found an opulent altar of Gozag.
  6687 | D:6      | Became a worshipper of Gozag Ym Sagoz the Greedy
  6693 | D:6      | Found an opulent altar of Gozag.
  6778 | D:6      | Reached skill level 1 in Fire Magic
  7400 | D:6      | Found a shimmering blue altar of Sif Muna.
  7428 | D:6      | Reached skill level 5 in Spellcasting
  7588 | D:2      | Killed Crazy Yiuf
  7680 | D:3      | Paralysed by Grinder for 4 turns
  7689 | D:3      | Paralysed by Grinder for 2 turns
  7691 | D:3      | Killed Grinder
  7692 | D:3      | Reached skill level 5 in Fire Magic
  7692 | D:3      | Reached XP level 9. HP: 71/71 MP: 2/16
  8214 | D:6      | Found a shimmering blue altar of Sif Muna.
  8574 | D:6      | Found an opulent altar of Gozag.
  8579 | D:6      | Found an opulent altar of Gozag.
  8579 | D:6      | Found an opulent altar of Gozag.
  8586 | D:6      | Found an opulent altar of Gozag.
  8761 | D:7      | Found a staircase to the Ecumenical Temple.
  8978 | D:7      | Found a shimmering altar of Xom.
  9010 | D:7      | Noticed Menkaure
  9015 | D:7      | Killed Menkaure
  9203 | D:7      | Reached skill level 6 in Spellcasting
  9365 | D:7      | Found a sparkling altar of Nemelex Xobeh.
  9839 | Temple   | Entered the Ecumenical Temple
  9988 | D:8      | Reached skill level 7 in Spellcasting
 10495 | D:8      | Found a stormy altar of Qazlal.
 10552 | D:8      | Found Codygga's Book Boutique.
 10585 | D:8      | Reached skill level 8 in Spellcasting
 10586 | D:8      | Reached XP level 10. HP: 70/78 MP: 9/22
 10696 | D:8      | Reached skill level 9 in Spellcasting
 11504 | D:9      | Found a staircase to the Lair.
 11706 | D:9      | Found a basalt altar of Yredelemnul.
 11724 | D:9      | You fall into a shaft and drop 2 floors!
 11802 | D:10     | Entered Level 10 of the Dungeon
 11841 | D:10     | Reached skill level 10 in Spellcasting
 11972 | D:9      | Noticed a frost giant
 11981 | D:9      | Slain by a frost giant

Illustrated notes

Levels and vault maps discovered:
D:1:      shiori_arrival_elements, layout_basic, chequers_hall_statues_corner_a
D:2:      layout_loops_ring, basic_altar, ebering_ecumenical_altar_webs,
          dk_noncrumbling_4, uniq_crazy_yiuf_cottage
D:3:      layout_basic, tso_altar, uniq_grinder, uniq_natasha
D:4:      minmay_razor_zed, layout_basic, mainiacjoe_overflow_alcove_2,
          evilmike_ruin_ashenzari, nicolae_shop_i_like_big_books, uniq_robin
D:5:      layout_basic, mainiacjoe_overflow_alcove_1,
          mainiacjoe_overflow_catwalk
D:6:      layout_loops_ring, nicolae_gozag_conspicuous_consumption,
          old_standard_altar, minmay_misc_feat_four_crosses,
          minmay_fractal_squares_5
D:7:      nicolae_cairo_tiling_large_dashed, layout_loops_corners,
          nemelex_xobeh_ov_fountains_minmay, amcnicky_altar_gilded,
          lemuel_temple_firewalk_b, uniq_menkaure
D:8:      layout_layer_cave, grunt_qazlal_sundering, serial_shops, shop
D:9:      minmay_twisted_water, layout_small_grid, mainiacjoe_overflow_chevrons,
          david_lair_shrubbed, orc_0_dummy
D:10:     layout_roguey, nicolae_elyvilon_temple_path, kennysheep_mini
D:11:     layout_basic
Temple:   corrupted_temple

Skill      XL: |  1  2  3  4  5  6  7  8  9 10 |
---------------+-------------------------------+-----
Fighting       | 1 2 3 4 |  4.0
Conjurations   | 2 3 4 |  4.0
Spellcasting   | 3 4 5 8 10 | 10.0
Air Magic      | 2 3 4 |  4.0
Alchemy        | 4 5 6 7 8 |  8.6
Dodging        | 2 |  2.0
Stealth        | 2 |  2.0
Fire Magic     | 5 |  5.0

Action                     |  1- 3 |  4- 6 |  7- 9 | 10-12 || total
---------------------------+-------+-------+-------+-------++-------
  Melee: Dagger            |    27 |    75 |   280 |    42 ||   424
         Punch             |     1 |       |       |       ||     1
         Tailslap          |     1 |    12 |    58 |    10 ||    81
         Flail             |       |    16 |    16 |       ||    32
         Unarmed           |       |     3 |       |       ||     3
   Cast: Sting             |    46 |    57 |    93 |     1 ||   197
         Mercury Vapours   |     1 |    11 |    51 |     3 ||    66
         Sticky Flame      |       |       |    21 |    10 ||    31
         Olgreb's Toxic Ra |       |       |    10 |    14 ||    24
    Use: Scroll            |       |     9 |     6 |       ||    15
         Potion            |       |       |       |     1 ||     1
   Stab: Distracted        |       |       |       |     1 ||     1
 Armour: Skin              |     9 |   108 |   231 |    35 ||   383
  Dodge: Dodged            |    17 |    98 |   252 |    42 ||   409
